Map: Submarine LE

Players

LiquidClem (Clem) - Winner!

  • Race: Terran Terran
  • Spawn Location: 11:00

Stats

  • Race: Protoss Protoss
  • Spawn Location: 5:00

Event: StayAtHomestory Cup #2

VOD

Have the link to the VOD?

Description

Time

  • Played on: June 13, 2020, 11:14 a.m.
  • Length: 11:53

All games in this series

Show
View Real Time Build Order
Export as new Build Order

LiquidClem Terran - Winner!

Build Orders:  

Get SALT Encoding   

  12  0:00  SCV  
  13  0:13  SCV  
  14  0:17  Supply Depot  
  14  0:25  SCV  
  15  0:38  SCV  
  15  0:40  Barracks  
  16  0:44  Refinery  
  16  0:50  SCV  
  16  0:55  Refinery  
  17  1:03  SCV  
  18  1:15  SCV  
  19  1:28  Reaper, Orbital Command  
  20  1:37  Supply Depot  
  20  1:43  Factory  
  20  1:54  SCV  
  21  2:00  Reaper  
  22  2:06  SCV  
  23  2:18  SCV  
  24  2:26  Factory Reactor  
  24  2:30  SCV  
  24  2:31  Command Center  
  24  2:32  Reaper  
  26  2:42  SCV  
  27  2:45  Supply Depot  
  27  2:51  Starport  
  27  2:54  SCV  
  28  3:04  Hellion  
  30  3:06  Reaper  
  30  3:07  Hellion  
  30  3:11  SCV  
  34  3:26  Hellion  
  36  3:28  SCV, Hellion, Supply Depot  
  39  3:49  SCV, Medivac  
  42  4:00  Factory Tech Lab  
  43  4:04  Marine x2  
  43  4:09  SCV  
  43  4:13  SCV  
  43  4:21  SCV  
  43  4:22  Marine x2  
  43  4:25  Liberator, Siege Tank  
  43  4:29  SCV  
  47  4:35  Barracks x2  
  47  4:36  SCV  
  48  4:40  Marine x2  
  48  4:46  Orbital Command  
  48  4:48  SCV  
  48  4:49  Bunker  
  48  4:50  Engineering Bay  
  48  4:57  Siege Tank  
  51  5:00  Marine x2  
  51  5:02  SCV  
  54  5:14  SCV  
  54  5:17  SCV  
  54  5:18  Marine  
  54  5:19  Starport Tech Lab  
  54  5:20  Marine  
  57  5:26  SCV  
  57  5:29  SCV  
  57  5:33  Terran Infantry Weapons Level 1  
  57  5:34  Supply Depot  
  57  5:35  Marauder  
  60  5:36  Marine  
  60  5:37  Factory Reactor  
  60  5:38  SCV, Refinery  
  60  5:41  Stimpack  
  62  5:49  Supply Depot  
  62  5:55  SCV x2, Combat Shield, Marauder, Marine x2  
  68  5:57  Supply Depot  
  68  6:00  Refinery  
  68  6:01  Marauder  
  70  6:07  Supply Depot  
  70  6:10  SCV x2  
  72  6:13  Marine x2  
  72  6:17  Marauder  
  76  6:20  Supply Depot  
  76  6:22  SCV x2  
  76  6:23  Marauder  
  80  6:31  Marine x2  
  80  6:32  Factory Reactor  
  82  6:34  SCV x2  
  82  6:35  Supply Depot  
  82  6:36  Missile Turret  
  82  6:37  Missile Turret  
  84  6:43  Medivac x2  
  84  6:46  SCV  
  83  6:48  Missile Turret  
  83  6:53  Marine  
  80  7:01  SCV  
  77  7:05  Marine  
  74  7:15  Missile Turret  
  71  7:16  SCV  
  71  7:18  SCV  
  71  7:21  Marauder  
  71  7:22  Marine x2  
  76  7:29  Terran Infantry Armor Level 1  
  76  7:31  SCV  
  76  7:34  SCV  
  76  7:35  Marine  
  79  7:41  Marauder  
  79  7:43  Widow Mine  
  79  7:44  Widow Mine  
  85  7:45  Marauder  
  85  7:48  Supply Depot  
  87  7:55  Barracks  
  87  7:57  Marine x2, Barracks  
  89  8:02  Medivac  
  89  8:05  Marine  
  92  8:06  Marine  
  85  8:15  Marine  
  85  8:16  Widow Mine x2  
  85  8:18  Medivac  
  85  8:19  Marine  
  93  8:23  Marauder  
  93  8:25  Supply Depot  
  93  8:26  Marauder  
  97  8:29  SCV x2  
  99  8:34  Medivac  
  99  8:36  Concussive Shells  
  99  8:37  Marine  
  99  8:40  Widow Mine x2  
  106  8:42  Marine  
  106  8:43  Barracks Tech Lab  
  106  8:44  Barracks Reactor  
  107  8:50  Ghost Academy  
  107  8:56  Marine  
  107  8:58  Marauder x2  
  107  8:59  Medivac  
  114  9:03  Supply Depot  
  114  9:07  Marine  
  114  9:08  Marauder  
  117  9:16  Widow Mine  
  117  9:17  Widow Mine, Liberator  
  121  9:23  Ghost  
  126  9:27  Marine x3  
  126  9:28  Marine  
  128  9:35  Supply Depot, Ghost  
  128  9:41  Ghost  
  130  9:45  Supply Depot  
  130  9:46  Marine x2  
  130  9:48  Marine  
  130  9:49  Marine  
  134  9:56  Widow Mine x2  
  134  9:59  Ghost  
  138  10:05  Supply Depot  
  140  10:10  Marine x2  
  140  10:11  Marine x2  
  144  10:15  Ghost  
  146  10:24  Widow Mine  
  146  10:25  Widow Mine  
  150  10:33  Marine x2  
  147  10:41  Marine  
  147  10:42  Marauder  
  141  10:43  Marauder  
  137  10:51  Marauder  
  137  10:56  Marine  
  108  10:59  Marine  
  108  11:02  Marine  
  92  11:12  Widow Mine  
  92  11:14  Marine  
  86  11:22  Marine x2  
  86  11:29  Marauder  
Show
View Real Time Build Order
Export as new Build Order

Stats Protoss 

Build Orders: 1 Gate Expand, Blink Stalkers 

Get SALT Encoding   

  12  0:01  Probe  
  13  0:13  Probe  
  14  0:17  Pylon  
  14  0:24  Probe  
  15  0:32  Probe  
  15  0:38  Gateway  
  15  0:40  Probe  
  16  0:46  Assimilator  
  17  0:51  Probe  
  18  1:03  Probe  
  19  1:15  Probe  
  20  1:25  Cybernetics Core  
  20  1:32  Nexus  
  20  1:37  Zealot  
  22  1:44  Pylon  
  22  1:47  Probe  
  22  1:53  Assimilator  
  23  1:55  Stalker  
  23  2:02  Probe  
  23  2:08  Warp Gate  
  26  2:14  Probe  
  27  2:16  Stalker  
  27  2:20  Shield Battery  
  26  2:28  Probe  
  29  2:45  Probe  
  29  2:46  Probe  
  31  2:52  Twilight Council  
  31  2:53  Probe, Stalker  
  34  3:02  Probe  
  35  3:05  Probe  
  35  3:12  Blink  
  36  3:15  Probe  
  35  3:23  Probe  
  35  3:26  Shield Battery  
  36  3:27  Probe  
  35  3:35  Probe  
  35  3:39  Probe  
  35  3:40  Gateway  
  35  3:46  Gateway  
  35  3:47  Probe  
  36  3:51  Probe  
  35  3:55  Stalker  
  35  3:59  Probe  
  37  4:03  Probe  
  36  4:11  Pylon  
  36  4:12  Pylon  
  36  4:14  Stalker  
  36  4:16  Probe x2  
  35  4:28  Probe x2  
  33  4:33  Stalker  
  33  4:36  Stalker  
  34  4:40  Probe x2  
  34  4:43  Stalker  
  37  4:52  Probe x2  
  39  4:59  Dark Shrine  
  39  5:04  Probe x2  
  41  5:16  Probe  
  41  5:17  Probe  
  43  5:25  Pylon  
  43  5:28  Probe  
  43  5:29  Probe  
  43  5:30  Stalker  
  43  5:31  Stalker x2  
  51  5:37  Pylon  
  51  5:41  Probe x2  
  53  5:46  Assimilator  
  53  5:47  Assimilator  
  53  5:53  Probe x2  
  55  6:05  Probe x2  
  57  6:13  Pylon, Dark Templar x2  
  57  6:17  Probe x2  
  63  6:18  Dark Templar  
  63  6:20  Charge  
  65  6:28  Forge  
  65  6:29  Probe x2  
  67  6:51  Protoss Ground Weapons Level 1  
  67  6:59  Nexus  
  67  7:00  Pylon, Stalker x2, Sentry  
  73  7:13  Probe x2, Pylon  
  73  7:15  Gateway  
  73  7:17  Gateway  
  73  7:19  Gateway  
  73  7:29  Sentry x2  
  75  7:30  Stalker  
  75  7:34  Probe x2  
  79  7:46  Gateway  
  79  7:48  Gateway, Robotics Facility  
  79  7:50  Probe x2  
  81  7:56  Stalker x3  
  87  7:59  Shield Battery  
  87  8:02  Probe x2  
  86  8:12  Probe  
  86  8:14  Probe  
  86  8:15  Probe  
  88  8:20  Zealot x4  
  96  8:27  Zealot x2  
  100  8:34  Observer  
  100  8:36  Photon Cannon  
  100  8:37  Assimilator  
  100  8:39  Robotics Bay  
  100  8:41  Assimilator  
  101  8:52  Protoss Ground Weapons Level 2  
  101  8:57  Pylon  
  101  8:59  Pylon  
  101  9:01  Pylon  
  101  9:09  Colossus  
  101  9:16  Zealot x3  
  107  9:17  Zealot x4  
  107  9:22  Pylon  
  115  9:24  Pylon  
  115  9:28  Extended Thermal Lance  
  117  9:36  Probe x2  
  117  9:37  Probe  
  120  9:45  Templar Archives  
  120  9:46  Forge  
  120  9:49  Colossus  
  120  9:51  Robotics Facility  
  126  10:08  Pylon  
  126  10:16  Stalker x4  
  126  10:18  Zealot x2  
  138  10:22  Pylon  
  138  10:28  High Templar x2  
  138  10:39  Archon  
  120  10:44  Zealot x3  
  120  10:45  Stalker x2  
  120  10:46  Zealot  
  75  11:00  Zealot x2  
  68  11:05  Dark Templar x2  
  62  11:12  Zealot x3  
  59  11:21  Stalker x2  
  47  11:38  Dark Templar x3  
Tags
 
Add a new tag
Caveats
  • Supply blocks, unpowered buildings, or Contaminate may cause inaccurate times.
  • Supply counts are checked every 10 seconds.